 Dungeon Crawl Stone Soup version 0.19-a0-3-g95c6029 (webtiles) character file.

1646 Minkie the Covert (level 8, -12/52 HPs)
             Began as a Vampire Enchanter on Apr 28, 2016.
             Was a Believer of Okawaru.
             Shot with a sling bullet by Joseph (14 damage)
             ... on level 6 of the Dungeon.
             The game lasted 00:21:42 (5319 turns).

Minkie the Covert (Vampire Enchanter)               Turns: 5319, Time: 00:21:43

Health: -12/52     AC:  5    Str:  7    XL:     8   Next: 67%
Magic:  4/15       EV: 13    Int: 17    God:    Okawaru [**....]
Gold:   348        SH:  0    Dex: 17    Spells: 3 memorised, 11 levels left

rFire  . . .     SeeInvis +     e - +0 dagger (vamp)
rCold  + + .     Gourm    .     b - +1 robe
rNeg   + + +     Faith    .     (no shield)
rPois  +         Spirit   .     o - +0 helmet
rElec  .         Dismiss  .     (no cloak)
rCorr  .         Reflect  .     j - +0 pair of gloves
SustAt .         Harm     .     (no boots)
MR     .....                    (no amulet)
Stlth  +++++.....               (no ring)
                                (no ring)

@: very slightly contaminated, regenerating slowly, not resistant to hostile
enchantments, quite stealthy
A: fangs 3, see invisible, unbreathing
a: Bat Form, Heroism, Renounce Religion


You were on level 6 of the Dungeon.
You worshipped Okawaru.
Okawaru was pleased with you.
You were near bloodless.

You visited 1 branch of the dungeon, and saw 7 of its levels.

You collected 348 gold pieces.

Inventory:

Hand Weapons
 a - a +0 blowgun
 e - a +0 vampiric dagger (weapon)
 k - a +0 dagger of flaming
 w - a +0 dagger of venom
Missiles
 p - 6 curare-tipped needles
 q - 11 poisoned needles
 z - 8 tomahawks (quivered)
Armour
 b - a +1 robe (worn)
 j - a +0 pair of gloves (worn)
 o - a +0 helmet (worn)
Wands
 t - a wand of teleportation (2/9)
Scrolls
 f - 6 scrolls of remove curse {unknown}
 g - 2 scrolls of immolation {unknown}
 i - 2 scrolls of teleportation {unknown}
 m - a scroll of blinking {unknown}
 n - a scroll of recharging {unknown}
 r - a scroll of fear {unknown}
 v - a scroll of noise {unknown}
 y - a scroll of magic mapping {unknown}
Potions
 d - 13 potions of blood
 h - 2 potions of curing
 l - 2 potions of might
 s - 2 potions of flight
 u - 2 potions of cancellation
 x - a potion of berserk rage
Books
 c - a book of Maledictions

   Spells                             Type                      Level
   a - Corona                         Hexes                        1
   b - Ensorcelled Hibernation        Hexes/Ice                    2
   c - Confuse                        Hexes                        3
   d - Tukima's Dance                 Hexes                        3
   e - Dazzling Spray                 Conjuration/Hexes            3


   Skills:
 + Level 5.9 Short Blades
 - Level 2.1 Dodging
 + Level 9.5 Stealth
 + Level 5.3 Spellcasting
 + Level 8.8 Hexes
 - Level 2.0 Ice Magic


You had 11 spell levels left.
You knew the following spells:

 Your Spells              Type           Power        Failure   Level  Hunger
a - Corona                Hex            ####...      1%          1    None
b - Ensorcelled Hibernat  Hex/Ice        ###...       2%          2    #......
c - Confuse               Hex            ####....     1%          3    ##.....


Dungeon Overview and Level Annotations

Branches:
Dungeon (7/15)             Temple (0/1) D:4

Altars:
Gozag
Okawaru
Trog
Xom

Annotations:
D:6 Joseph


Innate Abilities, Weirdness & Mutations

You heal slowly.
You have razor-sharp teeth.
You have supernaturally acute eyesight.
You can survive without breathing.


Message History

Press: ? - help, Shift-Dir - straight line, f/p - Joseph
Aim: Joseph, wielding a quarterstaff of protection and wearing a ring mail (chance to defeat MR: 34%) Joseph easily resists.
Joseph hits you with a quarterstaff of protection.
* * * LOW HITPOINT WARNING * * *
The orc barely misses you.
Casting: Ensorcelled Hibernation
Confirm with . or Enter, or press ? or * to list all spells.
Aiming: Ensorcelled Hibernation
Press: ? - help, Shift-Dir - straight line, f/p - Joseph
Aim: Joseph, wielding a quarterstaff of protection and wearing a ring mail (chance to defeat MR: 34%) Joseph easily resists.
Joseph hits you with a quarterstaff of protection.
* * * LOW HITPOINT WARNING * * *
The orc barely misses you.
Joseph unwields an uncursed quarterstaff of protection.
Joseph wields a hunting sling.
Joseph shoots a sling bullet.
The sling bullet closely misses you.
Joseph shoots a sling bullet.
The sling bullet hits you!
You die...

#######...#..#.#
#...######.## #...#.(#.#
#...# #.## #######......#.#
#...# #.## .....##..###.#.#
#...# #... ####>##..###.#.##
##..# ####
.....##.........#######.##
#.##.#.......##.##.......#
.[.....##.#####.##.[[[...###
####<####.##.(..@.o.>......#
####.#
#.##.##.##.@.[...#.###
.....#
#.##.##.##...........#
######
#.......##.......#.#.#
####.#.#.#.......#.#.#
#..###.##.#.###.#.####
###.#.##........#.....
##.###.......####### #.#
#.......# #


You could see Joseph and an orc.

Vanquished Creatures
  A phantom (D:4)
  An orc warrior (D:6)
  2 ice beasts
  2 ogres
  2 giant frogs (D:6)
  A water moccasin zombie (D:5)
  2 howler monkeys
  A crimson imp (D:6)
  A giant frog zombie (D:6)
  A jelly (D:6)
  2 giant frog skeletons
  4 hounds
  2 iguanas
  Natasha (D:4)
  5 orc wizards
  2 worker ants
  A killer bee zombie (D:6)
  A hound skeleton (D:5)
  7 gnolls
  A worker ant zombie (D:5)
  10 adders
  An adder zombie (D:6)
  2 worms
  A dart slug (D:4)
  5 giant geckos
  12 orcs
  3 ball pythons
  7 bats
  3 giant cockroaches
  10 goblins
  8 hobgoblins
  4 quokkas
  A ball python skeleton (D:4)
  A giant gecko skeleton (D:4)
  A giant gecko zombie (D:5)
  5 giant newts
  11 kobolds
  4 rats
129 creatures vanquished.

Vanquished Creatures (others)
  A hound (D:6)
  3 worker ants (D:6)
4 creatures vanquished.

Grand Total: 133 creatures vanquished

Notes
Turn   | Place    | Note
--------------------------------------------------------------
     0 | D:1      | Minkie the Vampire Enchanter began the quest for the Orb.
     0 | D:1      | Reached XP level 1. HP: 13/13 MP: 3/3
   256 | D:1      | Reached XP level 2. HP: 10/19 MP: 5/5
   260 | D:1      | Learned a level 2 spell: Ensorcelled Hibernation
   610 | D:1      | Reached skill level 5 in Stealth
   970 | D:2      | Reached XP level 3. HP: 17/24 MP: 3/6
  1204 | D:2      | Found an iron altar of Okawaru.
  1217 | D:2      | Became a worshipper of Warmaster Okawaru
  1474 | D:2      | Reached skill level 5 in Hexes
  1619 | D:3      | Reached XP level 4. HP: 30/30 MP: 4/7
  1700 | D:3      | Reached skill level 1 in Ice Magic
  2488 | D:3      | Reached XP level 5. HP: 24/35 MP: 4/9
  2493 | D:3      | Learned a level 3 spell: Confuse
  2746 | D:4      | Reached skill level 6 in Stealth
  2851 | D:4      | Noticed a phantom
  2870 | D:4      | Killed a phantom
  2870 | D:4      | Reached XP level 6. HP: 39/41 MP: 0/11
  3388 | D:4      | Reached * piety under Okawaru
  3388 | D:4      | Reached skill level 7 in Stealth
  3412 | D:4      | Noticed Natasha
  3417 | D:4      | Found a staircase to the Ecumenical Temple.
  3422 | D:4      | Killed Natasha
  3422 | D:4      | Reached XP level 7. HP: 38/46 MP: 5/12
  3636 | D:5      | Entered Level 5 of the Dungeon
  3807 | D:5      | Found an opulent altar of Gozag.
  3853 | D:5      | You fall through a shaft for 2 floors!
  3859 | D:6      | Reached skill level 8 in Stealth
  3977 | D:6      | Found a shimmering altar of Xom.
  3998 | D:6      | Reached ** piety under Okawaru
  4169 | D:5      | Reached XP level 8. HP: 52/52 MP: 8/14
  4297 | D:5      | Reached skill level 5 in Short Blades
  4886 | D:6      | Reached skill level 9 in Stealth
  4886 | D:6      | Reached skill level 5 in Spellcasting
  5078 | D:6      | Found a bloodstained altar of Trog.
  5189 | D:7      | Noticed Joseph
  5315 | D:6      | HP: 2/52 [Joseph/quarterstaff of protection (6)]
  5319 | D:6      | Shot with a sling bullet by Joseph

Vault maps used:
D:1:      minmay_arrival_nine_rooms, minmay_unequal
D:2:      minmay_misc_feat_iff, okawaru_ov_weapons_minmay
D:4:      minmay_temple_entry_junction, uniq_natasha
D:5:      basic_altar, first_bread
D:6:      overflow_temple_1_default, xom_confusion_cloud
D:7:      yredelemnul_altar_generic, the_bakery, eino_jars, uniq_joseph

Skill      XL: |  1  2  3  4  5  6  7  8 |
---------------+-------------------------+-----
Stealth        | 5 6 7 8 9 |  9.5
Hexes          | 5 6 7 8 |  8.8
Ice Magic      | 1 2 |  2.0
Short Blades   | 2 3 4 5 |  5.9
Spellcasting   | 3 4 5 |  5.3
Dodging        | |  2.1

Action                   |  1- 3 |  4- 6 |  7- 9 || total
-------------------------+-------+-------+-------++-------
Melee: Dagger            |    97 |    80 |    87 ||   264
       Bite              |    10 |     3 |    10 ||    23
 Fire: Blowgun           |       |    17 |       ||    17
 Cast: Ensorcelled Hiber |     4 |    27 |    38 ||    69
       Confuse           |       |     3 |    15 ||    18
 Abil: End Transformatio |       |       |     1 ||     1
       Bat Form          |       |       |     1 ||     1
  Use: Scroll            |       |       |     6 ||     6
 Stab: Sleeping          |    18 |    31 |    36 ||    85
       Confused          |       |     1 |     8 ||     9
Armor: Robe              |    27 |    22 |    17 ||    66
Dodge: Dodged            |    53 |    42 |    49 ||   144
